 Dungeon Crawl Stone Soup version 0.31-a0-204-g7da18cac08 (webtiles) character file.

Game seed: 1758522665519121182

76 qw the Shooter (level 4, 0/25 HPs)
             Began as a Deep Elf Hunter on June 27, 2023.
             Succumbed to their own poison gas
             ... on level 2 of the Dungeon.
             The game lasted 00:00:26 (1390 turns).

qw the Shooter (Deep Elf Hunter)                    Turns: 1390, Time: 00:00:27

Health: 0/25       AC:  5    Str: 10    XL:     4   Next: 12%
Magic:  6/6        EV: 12    Int: 14    God:
Gold:   82         SH:  0    Dex: 18    Spells: 3/3 levels left

rFire   . . .        Y - +1 shortbow
rCold   . . .        (shield currently unavailable)
rNeg    . . .        c - +0 leather armour
rPois   .            (no helmet)
rElec   .            (no cloak)
rCorr   .            n - +0 pair of gloves
SInv    +            d - +0 pair of boots
Will    .....        (no amulet)
Stlth   ++           m - ring of see invisible
HPRegen 0.24/turn    (no ring)
MPRegen 0.10/turn

%: no passive effects
@: lethally poisoned (0 -> -1), weak-willed
A: no striking features
a: no special abilities


You were on level 2 of the Dungeon.
You visited 1 branch of the dungeon, and saw 2 of its levels.

You collected 82 gold pieces.


   Skills:
 - Level 1.5 Fighting
 + Level 7.5 Ranged Weapons
 - Level 2.4 Dodging
 - Level 1.2 Stealth


You had 3 spell levels left.
You didn't know any spells.
Your spell library was empty.

Inventory:

Hand Weapons
 Y - a +1 shortbow (weapon)
Armour
 c - a +0 leather armour (worn)
 d - a +0 pair of boots (worn)
 n - a +0 pair of gloves (worn)
Jewellery
 e - a ring of ice
 m - a ring of see invisible (left hand)
Scrolls
 a - a scroll of identify
Potions
 h - a potion of enlightenment {unknown}
 i - a potion of ambrosia {unknown}
 j - a potion of mutation {unknown}
 k - a potion of heal wounds {unknown}

Dungeon Overview and Level Annotations

Branches:
Dungeon (2/15)

Altars:


Message History

(D) Dungeon
Where to? (* - list waypoints, Enter - D:2, ? - help)
What level of the Dungeon? (default 1, ? - help) Sorry, I don't know how to get there.
Enter note:
Enter note:
Enter note:
Enter note:
Enter note:
Enter note:
Enter note:
Enter note:
Enter note:
Enter note:
Enter note:
Enter note: Really walk into that cloud of poison gas?
You are engulfed in poison gas.
You are poisoned.
You feel very sick.
1381 ||| Stepping ~*~*~tactically~*~*~ (cloud).
You feel very sick.
You see here a potion of magic.
There is a lethal amount of poison in your body!
You feel sick.
There is a lethal amount of poison in your body!
You feel sick.
There is a lethal amount of poison in your body!
You feel sick.
There is a lethal amount of poison in your body!
You feel sick.
There is a lethal amount of poison in your body!
You feel sick.
There is a lethal amount of poison in your body!
You feel sick.
There is a lethal amount of poison in your body!
You feel sick.
There is a lethal amount of poison in your body!
You feel sick.
There is a lethal amount of poison in your body!
You die...

..~..~}.~...~~#.#####....# #.#
..~..~..~..~~~#....##.##.# #.##
...~~..~..~~~#####.#####.# #...
.......%..~.## #.......# ####
........~~..# #######.#
............############.#
.............##.#.00...%.########
.............##.#..###...........
############.##.@..# #...........
# ######.##00.0# #........... #
#......0.##0####........... #
#....0.0.##0¤.##........... #
#..00.¤..##0#0##........... #
#....¤...'.0.0>'........... #
#........##.#.##........... #
#........##.#.##...........
#.....%..##...#############


There were no monsters in sight!

Vanquished Creatures
  5 adders (D:2)
  A dart slug (D:2)
  4 ball pythons
  2 endoplasms (D:1)
  2 giant cockroaches
  3 goblins
  4 jackals (D:1)
  5 bats
  2 frilled lizards
  3 rats (D:1)
31 creatures vanquished.

Notes
Turn   | Place    | Note
-------+----------+-------------------------------------------
     0 | D:1      | qw the Deep Elf Hunter began the quest for the Orb.
     0 | D:1      | Reached XP level 1. HP: 12/12 MP: 3/3
     0 | D:1      | 0 ||| qw: Version: 0.3-a-22-g0ed2b0b
     0 | D:1      | 0 ||| qw: Game counter: 6552
     0 | D:1      | 0 ||| qw: Melee chars always use a shield: true
     0 | D:1      | 0 ||| qw: God list: Okawaru
     0 | D:1      | 0 ||| qw: Allow faded altars: false
     0 | D:1      | 0 ||| qw: Do Orc after clearing Dungeon:15 true
     0 | D:1      | 0 ||| qw: Do second Lair branch before Depths: true
     0 | D:1      | 0 ||| qw: Lair rune preference: random
     0 | D:1      | 0 ||| qw: Goals: Normal
     0 | D:1      | 0 ||| PLANNING D:1-11
    29 | D:1      | Found a faded altar of an unknown god.
    90 | D:1      | Reached XP level 2. HP: 16/16 MP: 4/4
   145 | D:1      | Reached skill level 6 in Ranged Weapons
   715 | D:1      | 715 ||| UPGRADING to +0 pair of boots.
   720 | D:1      | 720 ||| READING 2 scrolls labelled KASCHI SOBAQ.
   721 | D:1      | 721 ||| READING scroll labelled QEKKI TAIGAC.
   722 | D:1      | 722 ||| READING scroll labelled DARHEEMAHI.
   727 | D:1      | 727 ||| DROPPING scroll of butterflies.
   891 | D:2      | Reached XP level 3. HP: 20/20 MP: 5/5
   945 | D:2      | Reached skill level 7 in Ranged Weapons
  1028 | D:2      | Reached XP level 4. HP: 25/25 MP: 6/6
  1369 | D:2      | 1369 ||| UPGRADING to +0 pair of gloves.
  1374 | D:2      | 1374 ||| UPGRADING to ring of see invisible.
  1375 | D:2      | 1375 ||| READING scroll labelled XONAOB TAET.
  1376 | D:2      | 1376 ||| READING scroll labelled VOANTE ZAGAFAGG.
  1377 | D:2      | 1377 ||| READING scroll labelled BAHIKI PETHUA.
  1378 | D:2      | 1378 ||| READING 2 scrolls of identify.
  1378 | D:2      | 1378 ||| IDENTIFYING bubbling emerald potion
  1379 | D:2      | 1379 ||| DROPPING potion of magic.
  1381 | D:2      | 1381 ||| Stepping ~*~*~tactically~*~*~ (cloud).
  1384 | D:2      | HP: 5/25 [poisoned by you (poison gas)]
  1388 | D:2      | HP: 2/25 [poisoned by you (poison gas)]
  1390 | D:2      | Succumbed to their own poison gas

Levels and vault maps discovered:
D:1:      eino_arrival_water_star, layout_basic, serial_corexii_hall,
          chequers_hall_statues_corner_a, corexii_hall_statues_i,
          basic_ecumenical_altar, serial_park_tiny_1
D:2:      cheibrodos_helix_gallery, layout_basic

Skill      XL: |  1  2  3 |
---------------+----------+-----
Ranged Weapons | 6 7 |  7.5
Fighting       | |  1.5
Dodging        | |  2.4
Stealth        | |  1.2

Action                     |  1- 3 |  4- 6 || total
---------------------------+-------+-------++-------
   Fire: Shortbow          |    72 |    10 ||    82
    Use: Scroll            |     3 |     4 ||     7
 Armour: Leather armour    |     8 |       ||     8
  Dodge: Dodged            |    30 |       ||    30

Table legend:
 A = Non-vault XP
 B = Vault XP
 C = Vault XP percentage of total XP
 D = Non-vault monster count
 E = Vault monster count
 F = Vault count percentage of total count
                 A         B        C        D         E       F
            +---------+---------+-------+---------+---------+-------
      Total |     106 |       3 |   2.8 |      29 |       2 |   6.5
            +---------+---------+-------+---------+---------+-------
        D:1 |      31 |       0 |   0.0 |      19 |       0 |   0.0
        D:2 |      75 |       3 |   3.8 |      10 |       2 |  16.7
            +---------+---------+-------+---------+---------+-------
